[Event "Team 45 45 League T100"]
[Site "Internet Chess Club"]
[Date "2024.05.31"]
[Round "3"]
[White "stantheman59"]
[Black "WzeroMN"]
[Result "1-0"]
[WhiteElo "1210"]
[BlackElo "933"]
[Opening "Queen's pawn, Mason variation"]
[ECO "D00"]
[Time "16:03:57"]
[PlyCount "71"]
[TimeControl "2700+45"]

1. d4 d5 2. Bf4 Nf6 3. e3 e6 4. Nf3 Bd6 5. Bg3 Bxg3 6. hxg3 O-O 7. Bd3 b6 8. Nc3
Ba6 9. Bxa6 Nxa6 10. Qd3 Nb4 11. Qd2 c5 12. O-O-O c4 13. a3 Nc6 14. Rh3 Na5 15.
Rdh1 g6 16. Ne5 Qc7 17. g4 Kg7 18. g5 Nh5 19. g4 f6 20. gxf6+ Nxf6 21. f3 Nc6
22. g5 Nh5 23. Qh2 Nxe5 24. dxe5 Rh8 25. Nb5 Qe7 26. f4 Rag8 27. Nd4 Kf8 28. Rf3
Ke8 29. Qh3 h6 30. Nxe6 Ng7 31. Nxg7+ Qxg7 32. gxh6 Rxh6 33. Qe6+ Qe7 34. Qxg8+
Qf8 35. Qxf8+ Kxf8 36. Rxh6 {Black resigns} 1-0

[Event "Team 45 45 League T100"]
[Site "Internet Chess Club"]
[Date "2024.06.02"]
[Round "3"]
[White "CMAlge"]
[Black "DaveTheRook"]
[Result "0-1"]
[WhiteElo "1419"]
[BlackElo "1421"]
[Opening "Robatsch (modern) defense"]
[ECO "B06"]
[Time "12:01:28"]
[PlyCount "66"]
[TimeControl "2700+45"]

1. e4 g6 2. h4 Bg7 3. h5 d6 4. Bc4 Be6 5. Bxe6 fxe6 6. hxg6 h6 7. Qf3 Nf6 8. e5
dxe5 9. Qxb7 Nbd7 10. Qc6 Qb8 11. Qxe6 Rf8 12. d3 Qb4+ 13. Nc3 h5 14. Ne2 Rb8
15. Rb1 Rb6 16. Qh3 e4 17. a3 Qd6 18. Bf4 Qc6 19. Nd4 Qb7 20. Ne6 Rxe6 21. Qxe6
exd3 22. cxd3 Ng4 23. Bg5 Bxc3+ 24. Kd1 Ndf6 25. Bxf6 Rxf6 26. Qg8+ Rf8 27. Qc4
Qxg2 28. Qxc3 Qxh1+ 29. Kc2 Rxf2+ 30. Kb3 Qxb1 31. Qh8+ Rf8 32. Qxh5 Qxd3+ 33.
Ka2 Qc4+ {White forfeits on time} 0-1

[Event "Team 45 45 League T100"]
[Site "Internet Chess Club"]
[Date "2024.06.02"]
[Round "3"]
[White "garytd"]
[Black "rkjulianjr"]
[Result "1-0"]
[WhiteElo "1502"]
[BlackElo "1261"]
[Opening "Ponziani: Jaenisch counter-attack"]
[ECO "C44"]
[Time "18:07:36"]
[PlyCount "57"]
[TimeControl "2700+45"]

1. e4 e5 2. Nf3 Nc6 3. c3 Nf6 4. d4 exd4 5. e5 Ng8 6. cxd4 Bb4+ 7. Nc3 Nge7 8.
a3 Bxc3+ 9. bxc3 d6 10. Bb5 O-O 11. exd6 Qxd6 12. O-O Bg4 13. a4 a6 14. Ba3 Qf6
15. Bc4 Rfd8 16. h3 Bh5 17. Re1 Nd5 18. Bb2 Nf4 19. Kh2 Ne7 20. g4 Bxg4 21. hxg4
Qh6+ 22. Kg3 Nf5+ 23. gxf5 Nh5+ 24. Kh3 Rd6 25. Bc1 Nf4+ 26. Kg3 g5 27. Rh1 Nh5+
28. Rxh5 Qxh5 29. Bxg5 {Black resigns} 1-0

[Event "Team 45 45 League T100"]
[Site "Internet Chess Club"]
[Date "2024.06.03"]
[Round "3"]
[White "Fulmar"]
[Black "Visin"]
[Result "0-1"]
[WhiteElo "1379"]
[BlackElo "1273"]
[Opening "Ruy Lopez: old Steinitz defense"]
[ECO "C62"]
[Time "14:00:11"]
[PlyCount "98"]
[TimeControl "2700+45"]

1. e4 e5 2. Nf3 Nc6 3. Bb5 d6 4. c3 Nf6 5. Qe2 Be7 6. h3 Bd7 7. O-O a6 8. Ba4
O-O 9. Bc2 Na7 10. d4 exd4 11. cxd4 h6 12. Rd1 Re8 13. Nbd2 d5 14. e5 Nh7 15.
Nf1 Bb5 16. Bd3 c6 17. Bd2 Bxd3 18. Qxd3 Nc8 19. Ng3 Bg5 20. Nf5 f6 21. Re1 Bxd2
22. Qxd2 Nb6 23. b3 Ng5 24. Nxg5 fxg5 25. Qd1 Rf8 26. Qg4 Nc8 27. Re3 Ne7 28.
Rf3 Nxf5 29. Rxf5 Qe7 30. a3 Rxf5 31. Qxf5 Rf8 32. Qd3 Qf7 33. Ra2 Qf5 34. Qxf5
Rxf5 35. Rd2 Kf8 36. Rd3 Ke7 37. Rf3 g6 38. Kh2 b6 39. Kg3 Ke6 40. h4 gxh4+ 41.
Kxh4 Rxf3 42. gxf3 c5 43. dxc5 bxc5 44. Kg4 Kxe5 45. f4+ Ke4 46. f3+ Ke3 47. f5
gxf5+ 48. Kxf5 d4 49. Kg4 d3 {White resigns} 0-1

[Event "Team 45 45 League T100"]
[Site "Internet Chess Club"]
[Date "2024.06.02"]
[Round "3"]
[White "ticktockman"]
[Black "Reykjaviking"]
[Result "1-0"]
[WhiteElo "1110"]
[BlackElo "1186"]
[Opening "Scandinavian defense"]
[ECO "B01"]
[Time "19:00:30"]
[PlyCount "69"]
[TimeControl "2700+45"]

1. e4 d5 2. exd5 Nf6 3. Bc4 Bg4 4. f3 Bh5 5. g4 Bg6 6. d3 h6 7. Nc3 a6 8. a3 c6
9. dxc6 Nxc6 10. Ba2 e6 11. Nge2 Bc5 12. b4 Bd4 13. Bb2 Nd5 14. Nxd4 Nxd4 15.
Nxd5 exd5 16. Bxd4 Qh4+ 17. Bf2 Qe7+ 18. Qe2 Qxe2+ 19. Kxe2 O-O 20. Bxd5 Rfe8+
21. Kd2 Rad8 22. Bxb7 Rd7 23. Bc6 Rxd3+ 24. cxd3 Rd8 25. Be4 f5 26. gxf5 Be8 27.
a4 Bd7 28. Rhc1 Rb8 29. Rc7 Be8 30. Bd5+ Kh7 31. Bc5 h5 32. a5 Kh6 33. Rg1 Rd8
34. Be4 g5 35. fxg6 {Black resigns} 1-0